 Dungeon Crawl Stone Soup version 0.30-a0-161-gdd60e06945 (webtiles) character file.

Game seed: 8206465062523788910

823 qw the Chopper (level 7, 0/44 HPs)
             Began as a Gargoyle Fighter on Sept 27, 2022.
             Slain by an orc wizard
             ... wielding a +0 quarterstaff
              (2 damage)
             ... on level 5 of the Dungeon.
             The game lasted 00:01:47 (5419 turns).

qw the Chopper (Gargoyle Fighter)                   Turns: 5419, Time: 00:01:48

Health: 0/44       AC: 13    Str: 21    XL:     7   Next: 96%
Magic:  7/7        EV: 13    Int:  9    God:
Gold:   153        SH:  4    Dex:  9    Spells: 6/6 levels left

rFire   . . .      SeeInvis .    Y - +1 war axe
rCold   . . .      Faith    .    c - +0 buckler
rNeg    + . .      Spirit   .    b - +0 scale mail
rPois   inf        Reflect  .    a - +0 helmet
rElec   +          Harm     .    (no cloak)
rCorr   .          Rampage  .    l - +0 pair of gloves
Will    .....                    (no boots)
Stlth   ..........               (no amulet)
HPRegen 0.14/turn                e - +4 ring of evasion
MPRegen 0.10/turn                (no ring)

@: no status effects
A: sickness immunity, AC +4, negative energy resistance 1, electricity
resistance, torment resistance 1, petrification resistance
a: no special abilities


You were on level 5 of the Dungeon.
You visited 1 branch of the dungeon, and saw 5 of its levels.

You collected 180 gold pieces.
You spent 27 gold pieces at shops.


Innate Abilities, Weirdness & Mutations

You are immune to sickness and miasma.
Your stone body is resilient. (AC +4)
You are immune to poison.
You resist negative energy. (rN+)
You are resistant to electric shocks. (rElec)
You are resistant to unholy torment.
You are immune to petrification.


   Skills:
 + Level 4.6 Fighting
 - Level 7.2 Axes
 - Level 3.2 Armour
 - Level 1.7 Dodging
 - Level 3.2 Shields


You had 6 spell levels left.
You didn't know any spells.
Your spell library was empty.

Inventory:

Hand Weapons
 g - a +0 flail
 Y - a +1 war axe (weapon)
Missiles
 k - 8 boomerangs (quivered)
Armour
 a - a +0 helmet (worn)
 b - a +0 scale mail (worn)
 c - a +0 buckler (worn)
 l - a +0 pair of gloves (worn)
Jewellery
 e - a +4 ring of evasion (left hand)
Scrolls
 f - 4 scrolls of identify
 i - a scroll of teleportation
 m - a scroll of fear {unknown}
Potions
 d - 3 potions of might
 h - 3 potions of haste
 j - 2 potions of mutation

Dungeon Overview and Level Annotations

Branches:
Dungeon (5/15)
 Temple: D:4-7

Altars:
Elyvilon
Nemelex Xobeh

Shops:
D:1 (   D:2 (


Message History

A puff of flame appears from out of thin air!
The puff of flame hits you!
You miss something. Something barely misses you.
You miss something. Something hits you.
You closely miss something.
You hear some strange, mumbled words.
Something tries to affect you, but you resist.
You miss something.
You hear some strange, mumbled words.
You are confused.
Something barely misses you.
You're too confused to attack without stumbling around!
There is a strange disturbance nearby!
Something hits you.
You're too confused to attack without stumbling around!
There is a strange disturbance nearby!
You hear some strange, mumbled words.
A magic dart appears from out of thin air!
The magic dart hits you but does no damage.
You're too confused to attack without stumbling around!
There is a strange disturbance nearby!
Something hits you but does no damage.
You're too confused to attack without stumbling around!
There is a strange disturbance nearby!
You hear some strange, mumbled words.
A magic dart appears from out of thin air!
The magic dart hits you.
You're too confused to attack without stumbling around!
There is a strange disturbance nearby!
Something hits you.
You're too confused to attack without stumbling around!
There is a strange disturbance nearby!
Something hits you!
You're too confused to attack without stumbling around!
There is a strange disturbance nearby!
You feel less confused. Something hits you.
You die...

.#.##.o..................
#
##.##........####........
..#.)oo#......##
##....... ..........##..#
##...... #........# ##.##
##..... #.....# #...#
##..##. #.## #...## #..##
#..###....#####[##
##.{@.###......##
#..)..##..####.#
#.##.###.## #.#
#.###..#..## #.# ## #..
#.......####.# #.
....#...........#.# ##.
####.............>.####.#
###......<.......#...#
###.................


There were no monsters in sight!

Vanquished Creatures
  A steam dragon (D:4)
  A black bear (D:4)
  A centaur (D:4)
  A phantom (D:4)
  A necrophage (D:5)
  3 wights
  A howler monkey (D:4)
  Ijyb (D:4)
  An iguana (D:4)
  Robin (D:2)
  4 adders
  An ufetubus (D:4)
  3 worms
  3 dart slugs
  2 orcs (D:5)
  3 endoplasms
  6 giant cockroaches
  15 goblins
  8 hobgoblins
  7 jackals
  3 quokkas
  6 ball pythons
  2 bats
  2 frilled lizards
  6 kobolds
  5 rats
88 creatures vanquished.

Notes
Turn   | Place    | Note
-------+----------+-------------------------------------------
     0 | D:1      | qw the Gargoyle Fighter began the quest for the Orb.
     0 | D:1      | Reached XP level 1. HP: 14/14 MP: 1/1
     0 | D:1      | 0 ||| qw: Version: 0.2-a-10-g37ed214
     0 | D:1      | 0 ||| qw: Game counter: 678
     0 | D:1      | 0 ||| qw: Always use a shield: true
     0 | D:1      | 0 ||| qw: God list: Okawaru
     0 | D:1      | 0 ||| qw: Allow faded altars: false
     0 | D:1      | 0 ||| qw: Do Orc after D:15 true
     0 | D:1      | 0 ||| qw: Do second Lair branch before Depths: true
     0 | D:1      | 0 ||| qw: Lair rune preference: random
     0 | D:1      | 0 ||| qw: Plans: Normal, Zot:1-4, God:TSO, Crypt, Tomb,
                  | Pan, Slime:5, Hells, Abyss, Orb
     0 | D:1      | 0 ||| PLANNING D:1-11
    51 | D:1      | Reached skill level 2 in Axes
   289 | D:1      | Reached XP level 2. HP: 5/19 MP: 2/2
   973 | D:1      | Found Huudwehe's Antique Weapon Shop.
   985 | D:1      | 985 ||| BUYING club (27 gold).
   985 | D:1      | Bought a club for 27 gold pieces
  1140 | D:1      | 1140 ||| UPGRADING to +0 pair of gloves.
  1145 | D:1      | 1145 ||| READING scroll labelled FIAV EPSUYJUSH.
  1150 | D:1      | 1150 ||| READING scroll labelled QIVUSU PUECS.
  1151 | D:1      | 1151 ||| READING scroll labelled GIONES TAGIU.
  1152 | D:1      | 1152 ||| READING scroll labelled IRUPLE ATUWI.
  1153 | D:1      | 1153 ||| READING scroll labelled AMAETI FYEF.
  1154 | D:1      | 1154 ||| DRINKING 3 lumpy clear potions.
  1258 | D:1      | 1258 ||| DRINKING 2 smoky emerald potions.
  1259 | D:1      | 1259 ||| DROPPING 2 potions of berserk rage.
  1296 | D:2      | 1296 ||| Stepping ~*~*~tactically~*~*~ (hiding).
  1297 | D:2      | 1297 ||| Stepping ~*~*~tactically~*~*~ (hiding).
  1307 | D:2      | Noticed Robin
  1310 | D:2      | 1310 ||| Stepping ~*~*~tactically~*~*~ (hiding).
  1312 | D:2      | 1312 ||| Stepping ~*~*~tactically~*~*~ (hiding).
  1319 | D:2      | Reached skill level 3 in Axes
  1322 | D:2      | Reached XP level 3. HP: 23/23 MP: 3/3
  1326 | D:2      | Killed Robin
  1413 | D:2      | 1413 ||| DROPPING +0 club.
  1430 | D:2      | 1430 ||| Stepping ~*~*~tactically~*~*~ (stealth).
  1433 | D:2      | 1433 ||| Stepping ~*~*~tactically~*~*~ (stealth).
  1515 | D:2      | 1515 ||| Stepping ~*~*~tactically~*~*~ (stealth).
  1516 | D:2      | 1516 ||| Stepping ~*~*~tactically~*~*~ (stealth).
  1651 | D:2      | 1651 ||| Stepping ~*~*~tactically~*~*~ (stealth).
  1753 | D:2      | Found Nil Hogopae's Weapon Boutique.
  1759 | D:2      | 1759 ||| UPGRADING to +0 helmet.
  1764 | D:2      | 1764 ||| READING 3 scrolls labelled FEGAHO RAUD.
  1765 | D:2      | 1765 ||| READING 2 scrolls of identify.
  1765 | D:2      | 1765 ||| IDENTIFYING smoky clear potion
  1766 | D:2      | 1766 ||| DROPPING potion of flight.
  1908 | D:3      | 1908 ||| Stepping ~*~*~tactically~*~*~ (stealth).
  1911 | D:3      | 1911 ||| Stepping ~*~*~tactically~*~*~ (hiding).
  1918 | D:3      | Reached XP level 4. HP: 28/28 MP: 4/4
  1936 | D:3      | 1936 ||| Stepping ~*~*~tactically~*~*~ (stealth).
  1951 | D:3      | 1951 ||| READING 2 scrolls of identify.
  1951 | D:3      | 1951 ||| IDENTIFYING coppery potion
  1952 | D:3      | 1952 ||| READING 5 scrolls of teleportation.
  2031 | D:3      | Reached skill level 4 in Axes
  2280 | D:3      | Found a faded altar of an unknown god.
  2284 | D:3      | Found a white marble altar of Elyvilon.
  2446 | D:3      | 2446 ||| Stepping ~*~*~tactically~*~*~ (stealth).
  2470 | D:3      | 2470 ||| Stepping ~*~*~tactically~*~*~ (stealth).
  2476 | D:3      | 2476 ||| Stepping ~*~*~tactically~*~*~ (hiding).
  2480 | D:3      | 2480 ||| Stepping ~*~*~tactically~*~*~ (hiding).
  2677 | D:3      | 2677 ||| READING scroll labelled VUUTUSS GA LUT.
  2678 | D:3      | 2678 ||| READING 4 scrolls of teleportation.
  2846 | D:3      | 2846 ||| READING 3 scrolls of teleportation.
  2892 | D:3      | 2892 ||| Stepping ~*~*~tactically~*~*~ (stealth).
  2908 | D:3      | 2908 ||| READING 2 scrolls of teleportation.
  2988 | D:3      | 2988 ||| READING scroll of teleportation.
  2993 | D:3      | 2993 ||| Stepping randomly (stuck).
  2995 | D:3      | 2995 ||| Stepping randomly (stuck).
  2996 | D:3      | 2996 ||| Stepping randomly (stuck).
  3068 | D:3      | 3068 ||| READING 4 scrolls of identify.
  3068 | D:3      | 3068 ||| IDENTIFYING cyan potion
  3118 | D:4      | 3118 ||| STAIRDANCE
  3123 | D:3      | Reached XP level 5. HP: 21/32 MP: 5/5
  3234 | D:4      | Reached skill level 5 in Axes
  3235 | D:4      | Reached XP level 6. HP: 14/38 MP: 6/6
  3235 | D:4      | 3235 ||| STAIRDANCE
  3662 | D:4      | 3662 ||| Stepping ~*~*~tactically~*~*~ (stealth).
  3664 | D:4      | 3664 ||| Stepping ~*~*~tactically~*~*~ (stealth).
  3665 | D:4      | 3665 ||| Stepping ~*~*~tactically~*~*~ (stealth).
  3672 | D:4      | Reached skill level 1 in Dodging
  3680 | D:4      | HP: 7/38 [iguana (10)]
  3681 | D:4      | 3681 ||| READING scroll of teleportation.
  3682 | D:4      | 3682 ||| DRINKING potion of heal wounds.
  3711 | D:4      | Noticed Ijyb
  3729 | D:4      | Killed Ijyb
  3966 | D:4      | 3966 ||| Stepping ~*~*~tactically~*~*~ (stealth).
  3971 | D:4      | 3971 ||| Stepping ~*~*~tactically~*~*~ (stealth).
  3973 | D:4      | 3973 ||| Stepping ~*~*~tactically~*~*~ (stealth).
  3984 | D:4      | 3984 ||| Stepping ~*~*~tactically~*~*~ (stealth).
  4010 | D:4      | Reached XP level 7. HP: 30/43 MP: 7/7
  4016 | D:4      | Reached skill level 6 in Axes
  4271 | D:4      | Noticed a steam dragon
  4273 | D:4      | 4273 ||| Stepping ~*~*~tactically~*~*~ (hiding).
  4282 | D:4      | Killed a steam dragon
  4692 | D:4      | Found a sparkling altar of Nemelex Xobeh.
  4894 | D:4      | 4894 ||| UPGRADING to +4 ring of evasion.
  4895 | D:4      | 4895 ||| READING scroll labelled VANTYI DUAWEO.
  4896 | D:4      | 4896 ||| DRINKING 3 metallic orange potions.
  4897 | D:4      | 4897 ||| DROPPING 2 potions of brilliance.
  4941 | D:4      | 4941 ||| STAIRDANCE
  4945 | D:4      | 4945 ||| STAIRDANCE
  4949 | D:4      | 4949 ||| STAIRDANCE
  4953 | D:4      | 4953 ||| STAIRDANCE
  4957 | D:4      | 4957 ||| STAIRDANCE
  4961 | D:4      | 4961 ||| STAIRDANCE
  4965 | D:4      | 4965 ||| STAIRDANCE
  4969 | D:4      | 4969 ||| STAIRDANCE
  4973 | D:4      | 4973 ||| STAIRDANCE
  4977 | D:4      | 4977 ||| STAIRDANCE
  4981 | D:4      | 4981 ||| STAIRDANCE
  4985 | D:4      | 4985 ||| STAIRDANCE
  4989 | D:4      | 4989 ||| STAIRDANCE
  4993 | D:4      | 4993 ||| STAIRDANCE
  4997 | D:4      | 4997 ||| STAIRDANCE
  5001 | D:4      | 5001 ||| STAIRDANCE
  5005 | D:4      | 5005 ||| STAIRDANCE
  5009 | D:4      | 5009 ||| STAIRDANCE
  5228 | D:5      | Entered Level 5 of the Dungeon
  5231 | D:5      | 5231 ||| STAIRDANCE
  5240 | D:4      | Reached skill level 7 in Axes
  5387 | D:5      | 5387 ||| Stepping ~*~*~tactically~*~*~ (hiding).
  5389 | D:5      | 5389 ||| Stepping ~*~*~tactically~*~*~ (hiding).
  5391 | D:5      | 5391 ||| Stepping ~*~*~tactically~*~*~ (hiding).
  5392 | D:5      | 5392 ||| Stepping ~*~*~tactically~*~*~ (hiding).
  5417 | D:5      | HP: 10/44 [something (3)]
  5418 | D:5      | HP: 2/44 [something (8)]
  5419 | D:5      | Slain by an orc wizard

Levels and vault maps discovered:
D:1:      minmay_arrival_cross, layout_basic, serial_shops,
          nicolae_shop_statue_plus
D:2:      layout_rooms, serial_shops, shop, uniq_robin
D:3:      layout_loops_ring, nicolae_overflow_ecumenical_swirl, minmay_puff
D:4:      layout_layer_cave, kennysheep_mini, uniq_ijyb
D:5:      layout_layer_cave, uniq_menkaure

Skill      XL: |  1  2  3  4  5  6  7 |
---------------+----------------------+-----
Axes           | 2 3 4 5 7 |  7.2
Fighting       | 4 |  4.6
Dodging        | 1 |  1.7
Armour         | |  3.2
Shields        | |  3.2

Action                   |  1- 3 |  4- 6 |  7- 9 || total
-------------------------+-------+-------+-------++-------
Melee: War axe           |   126 |   120 |    52 ||   298
Throw: Boomerang         |    16 |    33 |     3 ||    52
  Use: Scroll            |     7 |     9 |     1 ||    17
       Potion            |     2 |     1 |     1 ||     4
Armor: Scale mail        |    88 |    91 |    38 ||   217
Dodge: Dodged            |    46 |    67 |    24 ||   137
Block: Buckler           |    16 |    31 |    10 ||    57

Table legend:
 A = Non-vault XP
 B = Vault XP
 C = Vault XP percentage of total XP
 D = Non-vault monster count
 E = Vault monster count
 F = Vault count percentage of total count
                 A         B        C        D         E       F
            +---------+---------+-------+---------+---------+-------
      Total |    1099 |      77 |   6.5 |      72 |      16 |  18.2
            +---------+---------+-------+---------+---------+-------
        D:1 |      21 |       0 |   0.0 |      15 |       0 |   0.0
        D:2 |      23 |      33 |  58.9 |      13 |      11 |  45.8
        D:3 |     130 |       8 |   5.8 |      16 |       4 |  20.0
        D:4 |     834 |      36 |   4.1 |      25 |       1 |   3.8
        D:5 |      91 |       0 |   0.0 |       3 |       0 |   0.0
            +---------+---------+-------+---------+---------+-------
